 Dungeon Crawl Stone Soup version 0.31.0-12-g77e489cdc1 (webtiles) character file.

Game seed: 14182159194813288452

5373 Gadfly the Cudgeller (level 10, 0/61 HPs)
             Began as a Gargoyle Fighter on Mar 8, 2024.
             Was a Follower of the Shining One.
             Constricted to death by a naga (1 damage)
             ... in a bailey.
             The game lasted 00:14:34 (7421 turns).

Gadfly the Cudgeller (Gargoyle Fighter)             Turns: 7421, Time: 00:14:34

Health: 0/61       AC: 27    Str: 27    XL:     10   Next: 66%
Magic:  12/15      EV:  4    Int: 10    God:    the Shining One [*.....]
Gold:   508        SH: 14    Dex: 11    Spells: 4/9 levels left

rFire   + . .        a - +2 whip (elec)
rCold   . . .        c - +0 buckler
rNeg    + . .        z - +0 plate armour
rPois   ∞            w - +0 helmet
rElec   +            j - +1 cloak
rCorr   .            y - +0 pair of gloves
SInv    .            x - +1 pair of boots
Will    .....        (no amulet) Stlth
                     f - +6 ring of strength
HPRegen 0.30/turn    r - ring of protection from fire
MPRegen 0.14/turn

%: no passive effects
@: divinely shielded, glowing, constricted
A: sickness immunity, AC +7, negative energy resistance 1, electricity
resistance, torment resistance 1, petrification resistance
a: Renounce Religion, Divine Shield


You were in a bailey.
You worshipped the Shining One.
The Shining One was aware of your devotion.
You visited 2 branches of the dungeon, and saw 9 of its levels.
You also visited: Bailey.

You collected 508 gold pieces.

Inventory:

Hand Weapons
 a - a +2 whip of electrocution (weapon)
 b - a +0 morningstar
 o - a +1 flail
Armour
 c - a +0 buckler (worn)
 j - a +1 cloak (worn)
 w - a +0 helmet (worn)
 x - a +1 pair of boots (worn)
 y - a +0 pair of gloves (worn)
 z - a +0 plate armour (worn)
Jewellery
 f - a +6 ring of strength (left hand)
 p - a ring of positive energy
 r - a ring of protection from fire (right hand)
Wands
 h - a wand of flame (31) (quivered)
 k - a wand of acid (8)
 u - a wand of polymorph (8)
Scrolls
 e - 4 scrolls of poison
 m - 5 scrolls of teleportation
 t - a scroll of enchant weapon
 A - a scroll of identify
Potions
 d - 3 potions of might
 g - 8 potions of mutation
 i - 4 potions of enlightenment
 l - 5 potions of haste
 n - a potion of attraction
 q - 3 potions of curing
 s - a potion of berserk rage
 v - 2 potions of heal wounds
 B - a potion of brilliance {unknown}


   Skills:
 + Level 6.9 Fighting
 * Level 7.9 Maces & Flails
 + Level 6.7 Armour
 + Level 6.6 Shields
 + Level 6.6 Invocations
 * Level 6.8 Evocations


You had 4 spell levels left.
You knew the following spells:

 Your Spells              Type           Power      Damage    Failure   Level
a - Swiftness             Air            0%         N/A       100%        3
b - Blink                 Tloc           0%         N/A       100%        2

Your spell library contained the following spells:

 Spells                   Type           Power      Damage    Failure   Level
 Freeze                   Ice            0%         1d3       99%         1
 Kiss of Death            Conj/Necr      0%         2d5       99%         1
 Shock                    Conj/Air       0%         1d3       99%         1
 Lesser Beckoning         Tloc           0%         N/A       100%        2
 Momentum Strike          Conj/Tloc      0%         3d8       100%        2
 Confusing Touch          Hex            0%         N/A       100%        3
 Frozen Ramparts          Ice            0%         1d1       100%        3
 Gell's Gravitas          Tloc           0%         N/A       100%        3
 Hailstorm                Conj/Ice       0%         3d5       100%        3
 Teleport Other           Tloc           0%         N/A       100%        3
 Airstrike                Air            0%         2d(0-16)  100%        4
 Dispel Undead            Necr           0%         3d6       100%        4
 Dispersal                Tloc           0%         N/A       100%        6
 Sculpt Simulacrum        Ice/Alch       0%         N/A       100%        6
 Ozocubu's Refrigeration  Ice            0%         4d7       100%        7
 Polar Vortex             Ice            0%         N/A       100%        9


Dungeon Overview and Level Annotations

Branches:
Dungeon (8/15)             Temple (1/1) D:4          Bailey (1/1)
   Lair: D:8-11

Altars:
Ashenzari
Cheibriados
Dithmenos
Elyvilon
Fedhas
Gozag
Hepliaklqana
Kikubaaqudgha
Nemelex Xobeh
Okawaru
Qazlal
Ru
Sif Muna
Trog
Uskayaw
Vehumet
Wu Jian
Xom
Yredelemnul
Zin
The Shining One


Innate Abilities, Weirdness & Mutations

You are immune to sickness and miasma.
Your stone body is resilient. (AC +7)
You are immune to poison.
You resist negative energy. (rN+)
You are resistant to electric shocks. (rElec)
You are resistant to unholy torment.
You are immune to petrification.


Message History

You block the naga's attack. The orc knight closely misses you.
You hit the orc knight.
The orc knight is lightly wounded.
The naga hits you from afar with a +0 halberd.
You hit the orc knight but do no damage.
The orc knight is lightly wounded.
The orc knight hits you with a +0 trident!
You whack the orc knight!
Lightning courses through the orc knight!
The orc knight is moderately wounded.
The naga hits you from afar with a +0 halberd.
The orc knight hits you but does no damage.
You hit the orc knight but do no damage.
The orc knight is moderately wounded.
You block the naga's attack. You block the orc knight's attack.
You barely miss the orc knight.
The orc knight is moderately wounded.
You hit the orc knight but do no damage.
Lightning courses through the orc knight!
The orc knight is heavily wounded.
You block the naga's attack. You block the orc knight's attack.
You whack the orc knight!
The orc knight is severely wounded.
You block the naga's attack. The orc knight barely misses you.
You hit the orc knight but do no damage.
Lightning courses through the orc knight!
The orc knight is almost dead.
The naga hits you from afar with a +0 halberd!
* * * LOW HITPOINT WARNING * * *
You hit the orc knight but do no damage.
Lightning courses through the orc knight!
You kill the orc knight!
The naga barely misses you. You block the naga's attack.
Items here: )) [[ †.
You barely miss the naga. The naga hits you with a +0 halberd!
* * * LOW HITPOINT WARNING * * *
The naga grabs you. The naga constricts you.
You hit the naga but do no damage. You block the naga's attack.
The naga constricts you.
You die...

#)))#
#)).#
###)###
##..)..##
#.......#
#.......#
#..[.).)#
#.N#.#))#
#@##8##)#
#..#.#..#
#.......#
#.......#
#∩.....∩#
#.......#
##..∩..##
#######


You could see a naga.

Vanquished Creatures
  Pikel (D:3)
  2 orc knights (Bailey)
  Jeremiah (D:7)
  Grinder (D:6)
  Prince Ribbit (D:7)
  4 yaks
  Sigmund (D:4)
  Eustachio (D:6)
  A wyvern (D:8)
  The ghost of seawaffle the Conjurer, an amateur GrCj (D:3)
  A water moccasin (D:5)
  8 orc warriors
  A black bear (D:6)
  3 lemures (D:3)
  3 kobold brigands
  4 bullfrogs
  4 scorpions
  2 bombardier beetles
  A hound (D:4)
  3 jellies
  A gnoll bouda (D:7)
  3 iguanas
  4 orc wizards
  3 gnolls (D:7)
  7 adders
  A shadow imp (D:6)
  A white imp (D:7)
  2 ufetubi (D:5)
  2 dart slugs
  2 ribbon worms
  49 orcs
  7 bats
  11 endoplasms
  4 giant cockroaches
  15 goblins
  2 hobgoblins
  A jackal (D:2)
  6 quokkas
  4 ball pythons
  2 frilled lizards
  24 kobolds
  5 rats
200 creatures vanquished.

Notes
Turn   | Place    | Note
-------+----------+-------------------------------------------
     0 | D:1      | Gadfly the Gargoyle Fighter began the quest for the Orb.
     0 | D:1      | Reached XP level 1. HP: 14/14 MP: 1/1
   173 | D:1      | Reached XP level 2. HP: 10/19 MP: 2/2
   339 | D:1      | Reached skill level 1 in Invocations
   340 | D:1      | Reached XP level 3. HP: 19/23 MP: 3/3
   344 | D:1      | Reached skill level 1 in Evocations
   682 | D:2      | Found a faded altar of an unknown god.
  1156 | D:2      | Reached XP level 4. HP: 25/28 MP: 5/5
  1362 | D:2      | Learned a level 3 spell: Swiftness
  1375 | D:3      | Noticed a bullfrog
  1375 | D:3      | Found a runed translucent door.
  1408 | D:3      | Noticed seawaffle's ghost (amateur GrCj)
  1703 | D:3      | Reached skill level 3 in Maces & Flails
  1703 | D:3      | Reached XP level 5. HP: 27/33 MP: 6/6
  2200 | D:3      | Killed seawaffle's ghost
  2201 | D:3      | Reached XP level 6. HP: 18/38 MP: 7/7
  2301 | D:3      | Learned a level 2 spell: Blink
  2343 | D:4      | Noticed Pikel
  2622 | D:3      | Killed Pikel
  2623 | D:3      | Reached skill level 4 in Maces & Flails
  2623 | D:3      | Reached XP level 7. HP: 36/44 MP: 9/9
  2835 | D:4      | Noticed Sigmund
  2843 | D:4      | Reached XP level 8. HP: 47/48 MP: 11/11
  2846 | D:4      | Killed Sigmund
  3078 | D:4      | Found a radiant altar of Vehumet.
  3078 | D:4      | Found a bloodstained altar of Trog.
  3170 | D:4      | Found a staircase to the Ecumenical Temple.
  3276 | Temple   | Entered the Ecumenical Temple
  3279 | Temple   | Became a worshipper of the Shining One
  3471 | D:5      | Entered Level 5 of the Dungeon
  3983 | D:5      | Reached skill level 5 in Fighting
  4004 | D:5      | Reached skill level 5 in Maces & Flails
  4302 | D:6      | Noticed Eustachio
  4322 | D:6      | Killed Eustachio
  4323 | D:6      | Reached skill level 5 in Armour
  4323 | D:6      | Reached skill level 5 in Shields
  4323 | D:6      | Reached skill level 5 in Invocations
  4387 | D:6      | Noticed a yak
  4388 | D:6      | Noticed a yak
  4388 | D:6      | Noticed a yak
  4388 | D:6      | Noticed a yak
  4410 | D:5      | Killed a yak
  4506 | D:6      | Reached XP level 9. HP: 52/54 MP: 12/12
  4762 | D:6      | Noticed Grinder
  4772 | D:6      | Killed Grinder
  4838 | D:6      | Reached skill level 5 in Evocations
  4842 | D:6      | Reached skill level 6 in Maces & Flails
  5700 | D:7      | Noticed Jeremiah
  5733 | D:7      | Killed Jeremiah
  5898 | D:7      | Reached * piety under the Shining One
  6016 | D:7      | Found an iron altar of Okawaru.
  6193 | D:7      | Reached XP level 10. HP: 60/61 MP: 14/14
  6234 | D:7      | Noticed Prince Ribbit
  6241 | D:7      | Killed Prince Ribbit
  6242 | D:7      | Reached skill level 7 in Maces & Flails
  6728 | D:8      | Found a flagged portal.
  6748 | Bailey   | Entered a bailey
  7208 | Bailey   | Noticed an orc knight
  7227 | Bailey   | Killed an orc knight
  7357 | Bailey   | Noticed an orc knight
  7418 | Bailey   | Killed an orc knight
  7420 | Bailey   | HP: 1/61 [naga/+0 halberd (15)]
  7421 | Bailey   | Constricted to death by a naga

Illustrated notes

Levels and vault maps discovered:
D:1:      mushboom_english_gardens, layout_rooms, minivault_25
D:2:      layout_basic, dreamdust_ecumenical_altar_angels_and_demons,
          minmay_octomino_j4
D:3:      layout_loops_ring, ebering_ghost_sewer_d, minmay_diced_spiral
D:4:      layout_cave_pods, gammafunk_temple_overflow_statue,
          minmay_temple_entry_gardened_gates, uniq_pikel, uniq_sigmund
D:5:      layout_loops_ring
D:6:      layout_basic, uniq_grinder, uniq_eustachio
D:7:      layout_layer_cave, nicolae_overflow_crystal_walls, uniq_jeremiah,
          uniq_prince_ribbit1
D:8:      layout_basic, enter_bailey_3, minmay_stone_trees_small
Temple:   dpeg_three_leaves_temple
Bailey:   bailey_polearm_5, bailey

Skill      XL: |  1  2  3  4  5  6  7  8  9 10 |
---------------+-------------------------------+-----
Invocations    | 1 2 3 4 5 6 |  6.6
Evocations     | 1 2 3 4 6 |  6.8
Maces & Flails | 3 4 5 6 7 |  7.9
Fighting       | 4 5 6 |  6.9
Shields        | 4 5 6 |  6.6
Armour         | 4 5 6 |  6.7

Action                     |  1- 3 |  4- 6 |  7- 9 | 10-12 || total
---------------------------+-------+-------+-------+-------++-------
  Melee: Flail             |   117 |   158 |       |       ||   275
         Whip              |       |       |   336 |   185 ||   521
 Invoke: Divine Shield     |       |       |       |     1 ||     1
  Evoke: Wand              |       |       |       |     2 ||     2
    Use: Scroll            |     3 |     2 |     4 |     1 ||    10
         Potion            |     2 |     3 |     3 |     2 ||    10
 Armour: Scale mail        |    96 |   152 |   175 |       ||   423
         Plate armour      |       |       |    59 |   165 ||   224
  Dodge: Dodged            |    60 |    70 |   103 |    85 ||   318
  Block: Buckler           |    20 |    48 |    85 |    61 ||   214
